AoeStats
← Cutloose

Black Forest

510064045Analyzed
4v4 RM · 4d ago on Sep 29, 2026· 24m 58s· 8 players
Game mode
Random Map
Map size
Large (8 player)
Population
200
Speed
Normal
Resources
Standard
Victory
Conquest
Starting age
Dark Age
Ending age
Imperial Age
RankedLock teamsTeams togetherTeam positionsShared explorationLock speedFull tech treeHidden civsTurbo modeCheats
Victory
Defeat
🇨🇳 Poles · China
1199
+12
🇨🇳 Celts · China
1122
+16
🇦🇺 Britons · Australia
1101
+16
🇮🇳 Sicilians · India
1069
+19
🇩🇪 Burgundians · Germany
1125
-16
🇺🇸 Turks · United States
1117
-16
🇮🇹 Chinese · Italy
1113
-16
🇧🇪 Britons · Belgium
1098
-15
ANTIINA
6:00 Loom
11:12 Feudal Age
14:54 Castle Age
14:23 Double-Bit Axe
17:48 Bow Saw
20:29 Horse Collar
redwolfliu
3:01 Loom
12:23 Feudal Age
13:44 Double-Bit Axe
13:52 Horse Collar
14:16 Stone Mining
16:54 Castle Age
14:59 Horse Collar
17:18 Wheelbarrow
18:09 Bow Saw
18:33 Heavy Plow
23:51 Gold Mining
27:35 Imperial Age
ravish.ratnam
0:28 Loom
9:48 Feudal Age
11:57 Fletching
20:16 Padded Archer Armor
25:15 Castle Age
24:20 Double-Bit Axe
Cutloose
10:04 Loom
11:51 Feudal Age
13:01 Double-Bit Axe
13:00 Horse Collar
14:25 Wheelbarrow
16:46 Castle Age
18:13 Bow Saw
18:43 Heavy Plow
24:20 Hand Cart
Goatzilla
2:22 Loom
10:17 Feudal Age
15:57 Castle Age
14:21 Double-Bit Axe
15:25 Horse Collar
19:04 Heavy Plow
21:39 Wheelbarrow
21:49 Bow Saw
noziemann
0:27 Loom
10:17 Feudal Age
Faelian the Unsuccessful
9:56 Loom
12:47 Feudal Age
16:38 Castle Age
16:50 Gold Mining
21:08 Imperial Age
19:04 Stone Mining
Francescosti
13:33 Feudal Age
18:10 Castle Age
18:31 Double-Bit Axe
19:25 Horse Collar
Connection lost

Rejoining the realm…

Still unreachable

The connection could not be restored.

Session expired

The server has moved on; the page needs a fresh start.